 Dungeon Crawl Stone Soup version 0.30-a0-4-ga7cffc901d (webtiles) character file.

Game seed: 521643815940123478

214 SensoryNuts the Covered (level 5, -3/33 HPs)
             Began as a Gargoyle Fighter on Aug 21, 2022.
             Killed by divine providence
             ... invoked by an orc priest
              (12 damage)
             ... on level 4 of the Dungeon.
             The game lasted 00:04:23 (2866 turns).

SensoryNuts the Covered (Gargoyle Fighter)          Turns: 2866, Time: 00:04:24

Health: -3/33      AC: 11    Str: 22    XL:     5   Next: 92%
Magic:  5/5        EV:  9    Int:  8    God:
Gold:   179        SH:  5    Dex:  9    Spells: 4/4 levels left

rFire   . . .      SeeInvis .    l - +1 long sword (freeze)
rCold   . . .      Faith    .    c - +1 buckler
rNeg    + . .      Spirit   .    b - +0 scale mail
rPois   ∞          Reflect  .    (no helmet)
rElec   +          Harm     .    (no cloak)
rCorr   .          Rampage  .    (no gloves)
Will    .....                    (no boots)
Stlth   ..........               (no amulet)
HPRegen 0.11/turn                (no ring)
MPRegen 0.09/turn                (no ring)

@: mighty
A: sickness immunity, AC +4, negative energy resistance 1, electricity
resistance, torment resistance 1, petrification resistance
a: no special abilities


You were on level 4 of the Dungeon.
You visited 1 branch of the dungeon, and saw 4 of its levels.

You collected 179 gold pieces.

Inventory:

Hand Weapons
 a - a +0 long sword
 l - a +1 long sword of freezing (weapon)
Armour
 b - a +0 scale mail (worn)
 c - a +1 buckler (worn)
Jewellery
 f - a ring of willpower
 n - a +4 ring of evasion
Wands
 g - a wand of flame (13)
Scrolls
 i - a scroll of amnesia
 j - a scroll of enchant weapon
 k - a scroll of noise
 m - a scroll of teleportation
 o - a scroll of torment
Potions
 d - 2 potions of might


   Skills:
 + Level 4.0 Fighting
 + Level 3.4 Long Blades
 + Level 4.5 Armour
 + Level 1.2 Dodging
 + Level 0.1 Stealth
 + Level 3.9 Shields


You had 4 spell levels left.
You didn't know any spells.
Your spell library contained the following spells:

 Spells                   Type           Power      Damage    Failure   Level
 Dazzling Flash           Conj/Hex       0%         N/A       99%         3
 Gell's Gravitas          Tloc           0%         N/A       99%         3
 Ignite Poison            Fire/Tmut/Pois 0%         N/A       99%         3
 Lesser Beckoning         Tloc           0%         N/A       99%         3
 Mephitic Cloud           Conj/Pois/Air  0%         N/A       99%         3
 Teleport Other           Tloc           0%         N/A       99%         3
 Iskenderun's Mystic Bla  Conj/Tloc      0%         2d3       100%        4
 Freezing Cloud           Conj/Ice/Air   0%         6-21      100%        5
 Dispersal                Tloc           0%         N/A       100%        6
 Starburst                Conj/Fire      0%         6d3       100%        6


Dungeon Overview and Level Annotations

Branches:
Dungeon (4/15)
 Temple: D:4-7

Altars:
Cheibriados
Gozag
Hepliaklqana
Nemelex Xobeh
Yredelemnul

Shops:
D:2 (

Annotations:
D:4 drugrobin's ghost, amateur DgDe


Innate Abilities, Weirdness & Mutations

You are immune to sickness and miasma.
Your stone body is resilient. (AC +4)
You are immune to poison.
You resist negative energy. (rN+)
You are resistant to electric shocks. (rElec)
You are resistant to unholy torment.
You are immune to petrification.


Message History

The dart slug closely misses you.
You hit drugrobin's ghost. You freeze drugrobin's ghost.
Drugrobin's ghost is severely damaged.
The howler monkey barely misses you.
The giant cockroach completely misses you.
Drugrobin's ghost hits you but does no damage.
You block the dart slug's attack. The howler monkey misses you.
You block the giant cockroach's attack. Drugrobin's ghost barely misses you.
As you read the scroll of teleportation, it crumbles to dust.
You feel strangely unstable.
The howler monkey hits you but does no damage.
The giant cockroach bites you but does no damage.
The dart slug bites you but does no damage.
Drugrobin's ghost hits you but does no damage.
You barely miss drugrobin's ghost.
Drugrobin's ghost is severely damaged.
The howler monkey hoots and howls with incredible vigour!
The giant cockroach closely misses you.
Drugrobin's ghost hits you but does no damage.
The howler monkey closely misses you. You block the dart slug's attack.
The giant cockroach bites you but does no damage.
You miss drugrobin's ghost.
Drugrobin's ghost is severely damaged.
Drugrobin's ghost hits you but does no damage.
The howler monkey hits you.
* * * LOW HITPOINT WARNING * * *
The giant cockroach bites you but does no damage.
You block the dart slug's attack.
You barely miss drugrobin's ghost.
Drugrobin's ghost is severely damaged.
Your surroundings suddenly seem different.
Found a robe.
A giant cockroach is nearby!
A giant cockroach is nearby!
A giant cockroach is nearby!
An orc priest comes into view. It is wielding a +0 flail.
The orc priest shouts!
The orc priest invokes the aid of Beogh against you.
Beogh smites you!
You die...

........##.B..##......#
.........# .#..........#
...)...........)#......#
.......................#
.....###...............#
. #......# ... #.....[#
.....###......#
#...@####### #.##.# ...
..... ......8 ###.#...#
#. ##o. ## ..#


You could see an orc priest.

Vanquished Creatures
  A scorpion (D:4)
  2 scorpion zombies (D:3)
  4 adders
  An ufetubus (D:4)
  5 dart slugs
  4 orcs (D:3)
  3 ball pythons
  3 endoplasms (D:1)
  3 giant cockroaches
  4 goblins
  4 hobgoblins (D:3)
  A quokka (D:1)
  6 bats
  3 frilled lizards
  A jackal zombie (D:3)
  12 kobolds
  5 rats
62 creatures vanquished.

Notes
Turn   | Place    | Note
-------+----------+-------------------------------------------
     0 | D:1      | SensoryNuts the Gargoyle Fighter began the quest for the
                  | Orb.
     0 | D:1      | Reached XP level 1. HP: 14/14 MP: 1/1
   307 | D:1      | Reached XP level 2. HP: 19/19 MP: 2/2
   751 | D:1      | Reached XP level 3. HP: 21/23 MP: 3/3
  1025 | D:2      | Found Lilerch's Weapon Boutique.
  1956 | D:3      | Reached XP level 4. HP: 19/29 MP: 4/4
  2309 | D:3      | Reached XP level 5. HP: 31/33 MP: 5/5
  2328 | D:3      | Reached skill level 1 in Dodging
  2369 | D:3      | Found a basalt altar of Yredelemnul.
  2581 | D:3      | Found a sparkling altar of Nemelex Xobeh.
  2581 | D:3      | Found a hazy altar of Hepliaklqana.
  2806 | D:4      | Found a runed translucent gate.
  2806 | D:4      | Found a runed translucent gate.
  2806 | D:4      | Found an opulent altar of Gozag.
  2806 | D:4      | Found a runed translucent gate.
  2811 | D:4      | Found a snail-covered altar of Cheibriados.
  2811 | D:4      | Noticed a torpor snail
  2811 | D:4      | Noticed a torpor snail
  2822 | D:4      | Noticed a torpor snail
  2831 | D:4      | Noticed drugrobin's ghost (amateur DgDe)
  2866 | D:4      | Killed from afar by an orc priest

Illustrated notes

Levels and vault maps discovered:
D:1:      amcnicky_arrival_underground_garden, layout_loops_ring,
          minmay_misc_feat_doors
D:2:      layout_basic, serial_shops, nicolae_diamond_shop
D:3:      layout_basic, nicolae_yredelemnul_corpse_copse,
          nicolae_overflow_two_pavilions, hangedman_abyss_or_decor_stabs,
          corexii_corridor_pit, minmay_guardbox
D:4:      layout_rooms, cheibriados_altar_2, temple_statues, ebering_ghost_gozag

Skill      XL: |  1  2  3  4  5 |
---------------+----------------+-----
Long Blades    | 2 3 |  3.4
Armour         | 4 |  4.5
Dodging        | 1 |  1.2
Fighting       | 4 |  4.0
Stealth        | |  0.1
Shields        | |  3.9

Action                   |  1- 3 |  4- 6 || total
-------------------------+-------+-------++-------
Melee: Long sword        |    89 |   114 ||   203
  Use: Potion            |     7 |     1 ||     8
       Scroll            |     4 |     6 ||    10
Armor: Scale mail        |    59 |    83 ||   142
Dodge: Dodged            |    43 |    57 ||   100
Block: Buckler           |    22 |    36 ||    58

Table legend: (Time is in decaauts)
 A = Elapsed time spent in this place.
 B = Non-inter-level travel time spent in this place.
 C = Inter-level travel time spent in this place.
 D = Time resting spent in this place.
 E = Time spent auto-exploring this place.
 F = Levels seen in this place.
 G = Mean time per level.
                   A        B        C        D        E       F      G
               +--------+--------+--------+--------+--------+-----+--------+
         Total |   2910 |   2760 |    150 |    165 |   2050 |   4 |  727.5 |
       Dungeon |   2910 |   2760 |    150 |    165 |   2050 |   4 |  727.5 |
               +--------+--------+--------+--------+--------+-----+--------+

Top non-repeatable levels by time:
     D:1: 1005 daAuts
     D:3: 921 daAuts
     D:2: 914 daAuts
     D:4: 68 daAuts
